 Dungeon Crawl Stone Soup version 0.25-a0-290-g4a1327ee3a (webtiles) character file.

Game seed: 1779611210214031736, levelgen mode: deterministic

536 night the Firebug (level 7, -1/47 HPs)
             Began as a Demonspawn Fire Elementalist on Dec 14, 2019.
             Killed by nerve-wracking pain
             ... invoked by Grinder
              (14 damage)
             ... on level 3 of the Dungeon.
             The game lasted 00:13:43 (4449 turns).

night the Firebug (Demonspawn Fire Elementalist)    Turns: 4449, Time: 00:13:44

Health: -1/47      AC:  4    Str:  9    XL:     7   Next: 4%
Magic:  9/13       EV: 12    Int: 18    God:
Gold:   82         SH:  5    Dex: 13    Spells: 9/14 levels left

rFire    . . .     SeeInvis .   v - +0 war axe (venom)
rCold    . . .     Gourm    .   (no shield)
rNeg     . . .     Faith    .   a - +0 robe
rPois    .         Spirit   .   l - +0 helmet
rElec    .         Reflect  +   (no cloak)
rCorr    +         Harm     .   k - +0 pair of gloves
MR       .....                  (no boots)
Stlth    ++++......             e - +5 amulet of reflection
HPRegen  0.15/turn              d - ring of resist corrosion
MPRegen  0.13/turn              (no ring)

@: no status effects
A: talons 1, rugged brown scales 1, blurry vision 1, deformed body, nightstalker
2
a: no special abilities


You were on level 3 of the Dungeon.
You were not hungry.

You visited 1 branch of the dungeon, and saw 3 of its levels.
You also visited: Sewer.

You collected 82 gold pieces.

Inventory:

Hand Weapons
 f - a +0 dagger
 v - a +0 war axe of venom (weapon)
Missiles
 p - 30 bolts
Armour
 a - a +0 robe (worn)
 k - a +0 pair of gloves (worn)
 l - a +0 helmet (worn)
Jewellery
 d - a ring of resist corrosion (left hand)
 e - a +5 amulet of reflection (around neck)
 g - an uncursed ring of ice
Wands
 q - a wand of flame (13)
Scrolls
 h - a scroll of identify
 j - a scroll of remove curse
 m - a scroll of blinking
 n - a scroll of amnesia
 s - 4 scrolls of magic mapping
 t - 2 scrolls of teleportation
 u - a scroll of fear
Potions
 i - a potion of lignification {unknown}
 o - 2 potions of might
 r - a potion of degeneration {unknown}
 w - 3 potions of curing
 x - a potion of haste {unknown}
Comestibles
 b - 10 chunks of flesh
 c - 2 rations


   Skills:
 - Level 1.7 Dodging
 - Level 1.7 Stealth
 + Level 4.3 Spellcasting
 + Level 4.2 Conjurations
 + Level 4.8 Fire Magic


You had 9 spell levels left.
You knew the following spells:

 Your Spells              Type           Power        Failure   Level  Hunger
a - Foxfire               Conj/Fire      ###.         2%          1    None
b - Sticky Flame          Conj/Fire      ###.....     22%         4    ####...

Your spell library contained the following spells:

 Spells                   Type           Power        Failure   Level  Hunger
 Conjure Flame            Conj/Fire      ###.....     7%          3    ###....
 Inner Flame              Hex/Fire       ##......     16%         3    ###....
 Fireball                 Conj/Fire      ###.......   52%         5    ######.


Dungeon Overview and Level Annotations

Branches:
Dungeon (3/15)              Sewer (visited)

Altars:
Qazlal
Yredelemnul
Zin

Annotations:
D:3 Grinder


Innate Abilities, Weirdness & Mutations

You are partially covered in rugged brown scales. (AC +1, +3% HP)
You are significantly more attuned to the shadows.
You have sharp toenails.
Scrolls take you a little longer to read.
Armour fits poorly on your strangely shaped body.


Message History

Confirm with . or Enter, or press ? or * to list all spells.
You conjure some foxfire!
The foxfire hits Grinder but does no damage.
The foxfire hits Grinder!
Grinder is lightly wounded.
Grinder gestures at you.
You suddenly lose the ability to move!
Grinder hits you.
You writhe in agony.
* * * LOW HITPOINT WARNING * * *
You can move again.
Casting: Foxfire (safe; 2% risk of failure)
Confirm with . or Enter, or press ? or * to list all spells.
You conjure some foxfire!
Grinder barely misses you.
The foxfire hits Grinder.
Grinder is moderately wounded.
The foxfire hits Grinder.
Grinder is moderately wounded.
Grinder gestures at you. Pain shoots through your body!
You die...

,,,******** #.####..........#
,,,,,,,,,,** #...............#
,,,,,***,*,***#########......##
,*,*,**,***,,,,* #...##.#
,,,,,***,*,**#.* ######.## ,,,,,*
**,** #.* #...# ,,,,,*
***###.########## #...#
,,,,,*****,.....ยง.......# #...#
,,,,,*,,,,,.....@.##.##.###...###
****,,,,,,,.#..#5.##.##.........)
* ***,,,,,.....)................
**** *,,,,,.####..).###..........
,,,* *,,,,,,,,%....##*#.#..)...##
**,* ******,........,...#.#....#
**,* **######.######.#....# ,*,*
*.# #.#....# ,*,*****
*,*****#.##.#.#


You could see Grinder.

Vanquished Creatures
  An ogre (D:2)
  2 bullfrogs (Sewer)
  Jessica (D:3)
  Robin (D:3)
  10 adders
  6 river rats
  An ooze (Sewer)
  7 dart slugs
  4 leopard geckos
  4 orcs (D:3)
  14 ball pythons
  7 bats
  8 giant cockroaches
  2 gnoll zombies (D:2)
  16 goblins
  8 hobgoblins
  2 frilled lizards
  9 kobolds
  33 rats
136 creatures vanquished.

Vanquished Creatures (others)
  246 foxfires
246 creatures vanquished.

Grand Total: 382 creatures vanquished

Notes
Turn   | Place    | Note
-------+----------+-------------------------------------------
     0 | D:1      | night the Demonspawn Fire Elementalist began the quest for
                  | the Orb.
     0 | D:1      | Reached XP level 1. HP: 13/13 MP: 3/3
   128 | D:1      | Gained mutation: You are slightly more attuned to the
                  | shadows. [demonic ancestry]
   128 | D:1      | Reached XP level 2. HP: 7/19 MP: 0/5
   734 | D:1      | Reached XP level 3. HP: 23/24 MP: 4/6
  1679 | D:2      | Reached XP level 4. HP: 30/30 MP: 5/8
  2048 | D:2      | Learned a level 4 spell: Sticky Flame
  2179 | D:2      | Found a glowing silver altar of Zin.
  2290 | D:2      | Found a basalt altar of Yredelemnul.
  2334 | D:2      | Noticed an ogre
  2371 | D:2      | HP: 1/30 [ogre/+0 giant spiked club (16)]
  2373 | D:2      | Killed an ogre
  2373 | D:2      | Gained mutation: You are partially covered in rugged brown
                  | scales. (AC +1, +3% HP) [demonic ancestry]
  2373 | D:2      | Reached XP level 5. HP: 1/36 MP: 0/10
  3078 | D:3      | Found a glowing drain.
  3180 | Sewer    | Entered a sewer
  3395 | Sewer    | Gained mutation: You are significantly more attuned to the
                  | shadows. [demonic ancestry]
  3395 | Sewer    | Reached XP level 6. HP: 42/42 MP: 8/11
  3873 | Sewer    | Gained mutation: Armour fits poorly on your strangely
                  | shaped body. [potion of mutation]
  3873 | Sewer    | Gained mutation: Scrolls take you a little longer to read.
                  | [potion of mutation]
  3873 | Sewer    | Gained mutation: You have sharp toenails. [potion of
                  | mutation]
  4208 | D:3      | Noticed Jessica
  4212 | D:3      | Killed Jessica
  4305 | D:3      | Noticed Robin
  4319 | D:3      | Reached XP level 7. HP: 34/47 MP: 13/13
  4328 | D:3      | Killed Robin
  4375 | D:3      | Found a stormy altar of Qazlal.
  4439 | D:3      | Noticed Grinder
  4445 | D:3      | Paralysed by Grinder for 3 turns
  4449 | D:3      | Killed from afar by Grinder

Levels and vault maps discovered:
D:1:      lordsloth_arrival_two_stooges, layout_rooms
D:2:      minmay_recursive_quarters, layout_basic,
          lemuel_zombie_altar_yredelemnul, zin_academy, first_ration
D:3:      layout_loops_cross, lemuel_coloured_pillars_altar,
          portal_sewer_entry_a, serial_undead, serial_undead_d, serial_undead_d,
          serial_undead_c, serial_undead_a, uniq_jessica, uniq_grinder,
          uniq_robin

Skill      XL: |  1  2  3  4  5  6 |
---------------+-------------------+-----
Fire Magic     | 3 4 |  4.8
Conjurations   | 2 3 4 |  4.2
Spellcasting   | 3 4 |  4.3
Dodging        | |  1.7
Stealth        | |  1.7

Action                   |  1- 3 |  4- 6 |  7- 9 || total
-------------------------+-------+-------+-------++-------
Melee: Unarmed           |     3 |       |       ||     3
       Dagger            |    22 |    43 |       ||    65
       War axe           |       |    36 |    13 ||    49
       Kick              |       |     5 |     3 ||     8
 Cast: Foxfire           |    53 |    80 |     6 ||   139
       Sticky Flame      |       |     3 |       ||     3
  Use: Scroll            |       |     9 |       ||     9
       Potion            |       |     3 |       ||     3
 Stab: Sleeping          |     1 |     1 |     1 ||     3
  Eat: Chunk             |     3 |     5 |     1 ||     9
       Ration            |       |     1 |       ||     1
Armor: Robe              |    17 |    44 |     2 ||    63
Dodge: Dodged            |    32 |   103 |     8 ||   143
Block: Other             |    15 |    46 |     6 ||    67
       Reflection        |     1 |       |       ||     1

Table legend:
 A = Non-vault XP
 B = Vault XP
 C = Vault XP percentage of total XP
 D = Non-vault monster count
 E = Vault monster count
 F = Vault count percentage of total count
                 A         B        C        D         E       F
            +---------+---------+-------+---------+---------+-------
      Total |     294 |     473 |  61.7 |      62 |      74 |  54.4
            +---------+---------+-------+---------+---------+-------
        D:1 |      51 |       0 |   0.0 |      24 |       0 |   0.0
        D:2 |     223 |      14 |   5.9 |      28 |       8 |  22.2
        D:3 |      20 |     101 |  83.5 |      10 |      18 |  64.3
      Sewer |       0 |     358 | 100.0 |       0 |      48 | 100.0
            +---------+---------+-------+---------+---------+-------
